 Dungeon Crawl Stone Soup version 0.29.1-1-gd02db6906a (webtiles) character file.

Game seed: 16149085476730934182

27194 Demigod47 the Basher (level 13, -31/116 HPs)
             Began as a Minotaur Fighter on Oct 7, 2022.
             Was the Champion of Okawaru.
             Killed from afar by a deep elf pyromancer (39 damage)
             ... with a bolt of fire
             ... on level 1 of the Elven Halls.
             The game lasted 00:42:25 (11737 turns).

Demigod47 the Basher (Minotaur Fighter)            Turns: 11737, Time: 00:42:26

Health: -31/116    AC:  9    Str: 30    XL:     13   Next: 3%
Magic:  13/13      EV: 16    Int:  5    God:    Okawaru [******]
Gold:   1381       SH: 11    Dex: 14    Spells: 12/12 levels left

rFire   x . .      SeeInvis .   S - +12 war axe of Sequestration {flame, rF- Str+4 Stlth+}
rCold   + . .      Faith    .   f - +0 kite shield
rNeg    + . .      Spirit   .   (no body armour)
rPois   .          Reflect  .   p - +2 hat
rElec   .          Harm     .   P - +1 cloak
rCorr   .          Rampage  +   J - +0 pair of gloves
Will    .....                   u - +0 pair of boots
Stlth   +++.......              F - amulet of Lenatun {Rampage rC+ Regen+ Dex+4}
HPRegen 1.09/turn               r - +4 ring of evasion
MPRegen 0.13/turn               A - ring of positive energy

@: about to teleport
A: horns 2, retaliatory headbutt, iridescent scales 1
a: Renounce Religion, Heroism, Finesse, Duel


You were on level 1 of the Elven Halls.
You worshipped Okawaru.
Okawaru was exalted by your worship.
You visited 4 branches of the dungeon, and saw 14 of its levels.
You also visited: Ossuary.

You collected 1381 gold pieces.

Inventory:

Hand Weapons
 w - a +3 flail of protection
 C - a +3 morningstar
 G - a +2 dire flail of protection
 M - a +5 war axe
 Q - a +3 mace
 S - the +12 war axe of Sequestration (weapon) {flame, rF- Str+4 Stlth+}
   (You found it on level 10 of the Dungeon)

   It burns those it strikes, dealing additional fire damage.
   Big, fiery blades are also staple armaments of hydra-hunters.
   Str:       It affects your strength (+4).
   rF:        It makes you vulnerable to fire.
   Stlth:     It makes you more stealthy.
Missiles
 g - 10 silver javelins (quivered)
 i - 13 boomerangs
 x - 23 poisoned darts
Armour
 c - a +0 buckler
 f - a +0 kite shield (worn)
 k - the +5 crystal plate armour of Exclusion {-Tele rF+++ rN+++ Dex-3}
   (Okawaru gifted it to you on level 1 of the Elven Halls)

   Dex:       It affects your dexterity (-3).
   rF:        It renders you almost immune to fire.
   rN:        It renders you almost immune to negative energy.
   -Tele:     It prevents most forms of teleportation.
 p - a +2 hat (worn)
 u - a +0 pair of boots (worn)
 v - a +0 plate armour
 J - a +0 pair of gloves (worn)
 L - a +3 chain mail
 N - a +10 plate armour of ponderousness
 P - a +1 cloak (worn)
Jewellery
 r - a +4 ring of evasion (left hand)
 A - a ring of positive energy (right hand)
 F - the amulet of Lenatun (around neck) {Rampage rC+ Regen+ Dex+4}
   (You found it on level 7 of the Dungeon)

   [amulet of regeneration]

   Dex:       It affects your dexterity (+4).
   rC:        It protects you from cold.
   Regen:     It increases your rate of health regeneration.
   Rampage:   It bestows one free step when moving towards enemies.
Wands
 a - a wand of mindburst (17)
 b - a wand of flame (9)
 s - a wand of digging (4)
 D - a wand of polymorph (21)
 R - a wand of iceblast (8)
Scrolls
 e - 3 scrolls of fog
 h - 4 scrolls of noise
 j - 7 scrolls of teleportation
 l - a scroll of torment
 m - a scroll of amnesia
 t - 2 scrolls of summoning
 y - a scroll of identify
 B - a scroll of immolation
 E - 2 scrolls of magic mapping
 O - a scroll of fear
Potions
 d - 4 potions of lignification
 n - 4 potions of flight
 o - a potion of magic
 z - 6 potions of curing
 H - a potion of cancellation
 K - a potion of brilliance
Miscellaneous
 I - a condenser vane
 T - a tin of tremorstones (2/2)


   Skills:
 + Level 11.1 Fighting
 + Level 12.2(14.9) Axes
 + Level 14.0(15.8) Maces & Flails
 + Level 12.1 Armour
 + Level 5.1 Dodging
 + Level 1.7 Stealth
 + Level 9.6 Shields
 + Level 2.4 Invocations


You had 12 spell levels left.
You didn't know any spells.
Your spell library contained the following spells:

 Spells                   Type           Power      Damage    Failure   Level
 Sandblast                Erth           0%         2d4       77%         1
 Ensorcelled Hibernation  Hex/Ice        0%         N/A       88%         2
 Passwall                 Tmut/Erth      0%         N/A       88%         2
 Sublimation of Blood     Necr           0%         N/A       88%         2
 Wereblood                Tmut           0%         N/A       88%         2
 Dazzling Flash           Conj/Hex       0%         N/A       98%         3
 Frozen Ramparts          Ice            0%         1d1       98%         3
 Spider Form              Tmut/Pois      0%         N/A       98%         3
 Stone Arrow              Conj/Erth      0%         3d7       98%         3
 Anguish                  Hex/Necr       0%         N/A       100%        4
 Ice Form                 Ice/Tmut       0%         N/A       100%        4
 Petrify                  Tmut/Erth      0%         N/A       100%        4
 Agony                    Necr           0%         N/A       100%        5
 Blade Hands              Tmut           0%         N/A       100%        5
 Irradiate                Conj/Tmut      0%         3d11      100%        5
 Iskenderun's Battlesphe  Conj           0%         2d6       100%        5
 Metabolic Englaciation   Hex/Ice        0%         N/A       100%        5
 Silence                  Hex/Air        0%         N/A       100%        5
 Iron Shot                Conj/Erth      0%         9d1       100%        6
 Statue Form              Tmut/Erth      0%         N/A       100%        6
 Dragon Form              Tmut           0%         N/A       100%        7
 Summon Ice Beast         Ice/Summ       Unusable   N/A       N/A         4
 Spellforged Servitor     Conj/Summ      Unusable   N/A       N/A         7
 Summon Hydra             Summ           Unusable   N/A       N/A         7

Dungeon Overview and Level Annotations

Branches:
Dungeon (10/15)            Temple (1/1) D:7             Orc (2/2) D:10
    Elf (1/3) Orc:2       Ossuary (visited)
   Lair: D:8-11

Altars:
Ashenzari
Cheibriados
Dithmenos
Elyvilon
Fedhas
Gozag
Hepliaklqana
Kikubaaqudgha
Makhleb
Nemelex Xobeh
Okawaru
Qazlal
Ru
Sif Muna
Trog
Uskayaw
Vehumet
Wu Jian
Xom
Yredelemnul
Zin
The Shining One

Shops:
Orc:1 :   Orc:2 *:[(**

Annotations:
D:8 1 transporter


Innate Abilities, Weirdness & Mutations

You have a pair of horns on your head.
You reflexively headbutt those who attack you in melee.
You are partially covered in iridescent scales. (AC +2)


Message History

Keep disrobing?
The deep elf knight casts a spell at you.
The lance of force misses you.
You continue taking off your +10 plate armour of ponderousness.
The deep elf pyromancer points at you and mumbles some strange words.
The sticky flame hits you.
You are covered in liquid flames!
You continue taking off your +10 plate armour of ponderousness.
You are covered in liquid flames!
The deep elf knight gestures wildly while chanting.
The deep elf knight flickers and vanishes!
Deactivating autopickup; reactivate with Ctrl-A.
You continue taking off your +10 plate armour of ponderousness.
You are covered in liquid flames!
The deep elf pyromancer gestures wildly while chanting.
Something hits you but does no damage.
You finish taking off your +10 plate armour of ponderousness.
That put a bit of spring back into your step.
Something blocks your attack.
You are covered in liquid flames!
Something hits you.
You closely miss something. You miss the deep elf pyromancer.
You are covered in liquid flames!
The deep elf pyromancer casts a spell.
The deep elf pyromancer blinks!
You hear some strange, mumbled words.
A lance of force appears from out of thin air!
The lance of force hits you!!
You are knocked back by the lance of force.
You slam into the stone wall!
* * * LOW HITPOINT WARNING * * *
As you read the scroll of teleportation, it crumbles to dust.
You feel strangely unstable.
The deep elf zephyrmancer casts a spell at you.
The bolt of lightning hits the fire elemental!
The fire elemental resists.
The bolt of lightning hits you!!
* * * LOW HITPOINT WARNING * * *
The deep elf pyromancer gestures at you while chanting.
The bolt of fire hits you!!! The fire burns you terribly!
You die...

..# ##..# #..
...# #.. ....#
#+######.. ...#
........ .##...
..##..##).#
..##...#....#
#.....#.#.#.....#
#{))@# ..##.
#E)##..##..
#.eā—‹##..e......
#..ā˜¼ .##.....#
#.).. .# ....##
#...# .# #..##
#..## ## ### ....
ā—‹##


You could see a deep elf pyromancer, a deep elf zephyrmancer and a fire
elemental (summoned).

Vanquished Creatures
  Asterion (Elf:1)
  Snorg (Orc:2)
  The ghost of topfpfpflanze the Summoner, a journeyman KoSu of Gozag (Orc:1)
  2 two-headed ogres
  5 orc high priests
  Urug (Orc:2)
  Sonja (Orc:1)
  Amaemon (D:10)
  The ghost of TowerOfEmptiness the Cleaver, a novice MiFi of Okawaru (D:7)
  4 orc knights (Orc:2)
  2 deep elf archers
  4 deep elf zephyrmancers (Elf:1)
  3 deep elf pyromancers (Elf:1)
  3 orc sorcerers (Orc:2)
  Maurice (Orc:1)
  Joseph (D:7)
  2 gargoyles
  An orange demon (D:10)
  6 trolls
  A hornet (D:8)
  Sigmund (D:3)
  A vampire (D:10)
  8 yaks
  3 steam dragons
  An acid dragon (D:10)
  4 water moccasins
  15 orc warriors
  2 sky beasts (D:7)
  An ice beast (D:7)
  A black bear (D:5)
  5 ogres
  3 centaurs
  4 kobold brigands
  7 bullfrogs
  3 necrophages
  5 scorpions
  3 wyvern zombies (Ossuary)
  3 water moccasin zombies (Ossuary)
  8 wights
  6 killer bees (D:9)
  A howler monkey (D:7)
  2 electric eels
  4 bullfrog zombies (Ossuary)
  2 centaur zombies (Ossuary)
  4 hounds
  2 jellies (D:7)
  12 orc priests
  5 iguanas
  13 mummies (Ossuary)
  20 orc wizards
  A killer bee zombie (Ossuary)
  3 howler monkey zombies (Ossuary)
  Robin (D:2)
  4 gnolls (D:3)
  13 adders
  A shadow imp (D:7)
  2 white imps
  4 worms
  A dart slug (D:4)
  58 orcs
  5 endoplasms
  2 giant cockroaches
  11 goblins
  13 hobgoblins
  8 jackals
  A quokka (D:3)
  7 ball pythons
  5 bats
  7 frilled lizards
  19 kobolds
  4 rats
361 creatures vanquished.

Vanquished Creatures (others)
  A deep elf zephyrmancer (Elf:1)
  An orc priest (Orc:2)
  2 orcs (D:9)
  5 withered plants (Ossuary)
9 creatures vanquished.

Grand Total: 370 creatures vanquished

Notes
Turn   | Place    | Note
-------+----------+-------------------------------------------
     0 | D:1      | Demigod47 the Minotaur Fighter began the quest for the Orb.
     0 | D:1      | Reached XP level 1. HP: 19/19 MP: 0/0
   303 | D:1      | Found a faded altar of an unknown god.
   626 | D:1      | Reached XP level 2. HP: 27/27 MP: 1/1
  1222 | D:2      | Reached XP level 3. HP: 33/33 MP: 2/2
  1368 | D:2      | Noticed Robin
  1382 | D:2      | Gained mutation: You are somewhat resistant to further
                  | mutation. [potion of mutation]
  1383 | D:2      | HP: 1/33 [goblin/+0 club[Robin] (1)]
  1392 | D:2      | Reached skill level 3 in Maces & Flails
  1395 | D:2      | Killed Robin
  1633 | D:2      | Reached XP level 4. HP: 40/40 MP: 3/3
  2343 | D:3      | Reached skill level 4 in Maces & Flails
  2345 | D:3      | Found an ornate altar of the Wu Jian Council.
  2352 | D:3      | HP: 1/40 [orc/+2 flail of protection (3)]
  2776 | D:3      | Noticed Sigmund
  2785 | D:3      | Killed Sigmund
  2786 | D:3      | Reached skill level 5 in Maces & Flails
  2786 | D:3      | Reached skill level 5 in Armour
  2786 | D:3      | Reached XP level 5. HP: 47/47 MP: 4/4
  2786 | D:3      | Reached XP level 6. HP: 53/53 MP: 5/5
  3287 | D:4      | Reached skill level 1 in Dodging
  3364 | D:4      | Found a sand-covered staircase.
  3379 | Ossuary  | Entered an ossuary
  3418 | Ossuary  | Reached skill level 6 in Maces & Flails
  3418 | Ossuary  | Reached XP level 7. HP: 42/60 MP: 6/6
  3433 | Ossuary  | Reached skill level 5 in Shields
  3455 | Ossuary  | Reached skill level 5 in Fighting
  3700 | Ossuary  | Reached skill level 7 in Maces & Flails
  3734 | Ossuary  | Reached XP level 8. HP: 61/69 MP: 7/7
  4072 | D:4      | Reached skill level 8 in Maces & Flails
  4214 | D:4      | Lost mutation: You are somewhat resistant to further
                  | mutation. [potion of mutation]
  4214 | D:4      | Gained mutation: You are partially covered in iridescent
                  | scales. (AC +2) [potion of mutation]
  4329 | D:4      | Found a hazy altar of Hepliaklqana.
  4329 | D:4      | Found a hide-covered altar of Uskayaw.
  4336 | D:4      | Found a sparkling altar of Nemelex Xobeh.
  4338 | D:4      | Found a bloodstained altar of Trog.
  4340 | D:4      | Found a white marble altar of Elyvilon.
  4437 | D:4      | Reached skill level 9 in Maces & Flails
  4507 | D:5      | Entered Level 5 of the Dungeon
  5676 | D:6      | Reached XP level 9. HP: 77/77 MP: 8/8
  6080 | D:6      | Reached skill level 10 in Maces & Flails
  6260 | D:7      | Found a staircase to the Ecumenical Temple.
  6304 | D:7      | Noticed Joseph
  6321 | D:7      | Killed Joseph
  6327 | D:7      | Reached skill level 1 in Stealth
  6399 | D:7      | Found a transporter.
  6419 | Temple   | Entered the Ecumenical Temple
  6474 | Temple   | Became a worshipper of Warmaster Okawaru
  6514 | D:7      | Noticed a gargoyle
  6558 | D:7      | Reached skill level 11 in Maces & Flails
  6599 | D:7      | Found a transporter.
  6602 | D:7      | Noticed TowerOfEmptiness's ghost (novice MiFi)
  7398 | D:7      | Killed a gargoyle
  7398 | D:7      | Reached * piety under Okawaru
  7422 | D:7      | Killed TowerOfEmptiness's ghost
  7422 | D:7      | Reached ** piety under Okawaru
  7423 | D:7      | Reached XP level 10. HP: 86/86 MP: 9/9
  7431 | D:7      | Reached skill level 12 in Maces & Flails
  7461 | D:7      | Identified the amulet of Lenatun {Rampage rC+ Regen+ Dex+4}
  7567 | D:8      | Found a transporter.
  7646 | D:8      | Paralysed by a hornet for 1 turns
  7653 | D:8      | Paralysed by a hornet for 1 turns
  7827 | D:8      | Reached *** piety under Okawaru
  7835 | D:8      | Reached skill level 13 in Maces & Flails
  8542 | D:9      | Noticed a two-headed ogre
  8570 | D:9      | Killed a two-headed ogre
  8579 | D:9      | Reached **** piety under Okawaru
  8583 | D:9      | Reached XP level 11. HP: 60/95 MP: 10/10
  8741 | D:9      | Found a shadowy altar of Dithmenos.
  8901 | D:9      | Found a blossoming altar of Fedhas.
  9161 | D:10     | Entered Level 10 of the Dungeon
  9206 | D:10     | Identified the +12 war axe of Sequestration {flame, rF-
                  | Str+4 Stlth+}
  9402 | D:10     | Reached skill level 10 in Armour
  9604 | D:10     | Reached skill level 1 in Axes
  9604 | D:10     | Reached skill level 14 in Maces & Flails
  9611 | D:10     | Found a staircase to the Orcish Mines.
  9713 | D:10     | Noticed Amaemon
  9723 | D:10     | Killed Amaemon
  9727 | D:10     | Reached ***** piety under Okawaru
  9971 | Orc:1    | Entered Level 1 of the Orcish Mines
  9991 | Orc:1    | Noticed a two-headed ogre
 10001 | Orc:1    | Killed a two-headed ogre
 10002 | Orc:1    | Reached skill level 5 in Axes
 10026 | Orc:1    | Found a runed translucent gate.
 10029 | Orc:1    | Found a runed translucent gate.
 10029 | Orc:1    | Noticed topfpfpflanze's ghost (journeyman KoSu)
 10093 | Orc:1    | Noticed Sonja
 10114 | Orc:1    | Killed Sonja
 10157 | Orc:1    | Found Lunoutzax's Self-Improvement Boutique.
 10234 | Orc:1    | Found a runed translucent gate.
 10244 | Orc:1    | Noticed Maurice
 10250 | Orc:1    | Killed Maurice
 10376 | Orc:1    | Killed topfpfpflanze's ghost
 10393 | Orc:1    | Identified the +6 scimitar "Tanikyat" {antimagic, rC+}
 10473 | Orc:2    | Entered Level 2 of the Orcish Mines
 10492 | Orc:2    | Found Obaes's Overcharged Wands.
 10497 | Orc:2    | Noticed an orc knight
 10518 | Orc:2    | Killed an orc knight
 10617 | Orc:2    | Noticed an orc knight
 10624 | Orc:2    | Noticed an orc high priest
 10625 | Orc:2    | Killed an orc knight
 10625 | Orc:2    | Reached ****** piety under Okawaru
 10627 | Orc:2    | Noticed an orc sorcerer
 10628 | Orc:2    | Noticed an orc knight
 10636 | Orc:2    | Noticed an orc sorcerer
 10638 | Orc:2    | Noticed an orc high priest
 10639 | Orc:2    | Killed an orc high priest
 10639 | Orc:2    | Received a gift from Okawaru
 10640 | Orc:2    | Reached skill level 5 in Dodging
 10640 | Orc:2    | Reached XP level 12. HP: 66/106 MP: 1/11
 10647 | Orc:2    | Paralysed by an orc sorcerer for 2 turns
 10659 | Orc:2    | Killed an orc high priest
 10660 | Orc:2    | Reached skill level 1 in Invocations
 10664 | Orc:2    | Reached skill level 10 in Fighting
 10664 | Orc:2    | Reached skill level 10 in Axes
 10672 | Orc:2    | Noticed an orc high priest
 10679 | Orc:2    | Found Zatuilei's Antique Armour Shoppe.
 10679 | Orc:2    | Found Pyqothro's Book Shop.
 10682 | Orc:2    | Killed an orc high priest
 10747 | Orc:2    | Found Nomenoz's General Store.
 10747 | Orc:2    | Found Naveu's Antique Weapon Shop.
 10951 | Orc:2    | Found Hcoloip's Humungous Hoard.
 10952 | Orc:2    | Noticed Urug
 10962 | Orc:2    | Killed Urug
 11018 | Orc:2    | Noticed Snorg
 11027 | Orc:2    | Killed Snorg
 11065 | Orc:2    | Found a staircase to the Elven Halls.
 11340 | Elf:1    | Entered Level 1 of the Elven Halls
 11340 | Elf:1    | Noticed an orc high priest
 11340 | Elf:1    | Noticed an orc high priest
 11340 | Elf:1    | Noticed Asterion
 11342 | Elf:1    | Noticed a green death
 11359 | Elf:1    | Killed Asterion
 11359 | Elf:1    | Received a gift from Okawaru
 11563 | Elf:1    | Killed an orc high priest
 11567 | Elf:1    | Killed an orc high priest
 11568 | Elf:1    | Paralysed by an orc sorcerer for 5 turns
 11579 | Elf:1    | HP: 2/103 [orc sorcerer/bolt of negative energy (12)]
 11682 | Elf:1    | Identified the +5 crystal plate armour of Exclusion {-Tele
                  | rF+++ rN+++ Dex-3} (Okawaru gifted it to you on level 1 of
                  | the Elven Halls)
 11682 | Elf:1    | Received a gift from Okawaru
 11703 | Elf:1    | Reached XP level 13. HP: 56/116 MP: 13/13
 11737 | Elf:1    | Killed from afar by a deep elf pyromancer

Illustrated notes

Levels and vault maps discovered:
D:1:      lemuel_arrival_tunnels, layout_basic, shapermc_ecumenical_altar_gd,
          minmay_unequal
D:2:      layout_basic, minmay_crystal_water, uniq_robin
D:3:      layout_basic, mainiacjoe_overflow_brackets, minivault_4, uniq_sigmund
D:4:      minmay_diamond_boxcup, layout_rooms,
          chequers_temple_overflow_minitemple, nicolae_ossuary_entry_ruins,
          minmay_misc_feat_square
D:5:      layout_basic
D:6:      layout_basic, grunt_ministairs_15, minmay_misc_feat_diagonals
D:7:      layout_basic, minmay_temple_entry_butterflies, nzn_ghost_randoct,
          minivault_4, uniq_joseph
D:8:      layout_loops_cross, dreamdust_mushroom_princess, kennysheep_diamond,
          minmay_misc_feat_more_columns, nicolae_diode_basic
D:9:      layout_loops_ring, mainiacjoe_overflow_concentric_impassable,
          fedhas_altar_1
D:10:     layout_roguey, david_orc_2, serial_glass, glass_columns_a,
          glass_columns_a, st_stairs_6, serial_bayou_crossing, uniq_amaemon
Temple:   nicolae_temple_ecumenical_triangle
Orc:1:    layout_caves, gammafunk_ghost_split, nicolae_shop_self_help,
          uniq_maurice, uniq_sonja
Orc:2:    grunt_orc_tribal_feast, layout_diamond_mine, nicolae_alphabet_shops,
          nicolae_shop_overcharged_wands, uniq_urug, uniq_snorg
Elf:1:    nicolae_elf_arrival_no_cutting_in_line, layout_gridlike, serial_shops,
          shop_coins, basic_altar, minivault_28, st_stairs_5,
          serial_sigils_hangedman_confine, uniq_asterion, uniq_azrael

Skill      XL: |  1  2  3  4  5  6  7  8  9 10 11 12 |
---------------+-------------------------------------+-----
Fighting       | 4 5 6 7 8 9 11 | 11.1
Shields        | 4 5 6 7 8 9 |  9.6
Armour         | 4 5 6 7 8 9 10 12 | 12.1
Maces & Flails | 3 5 6 7 9 11 13 14 | 14.0
Dodging        | 1 2 3 4 5 |  5.1
Stealth        | 1 |  1.7
Axes           | 9 12 | 12.2
Invocations    | 2 |  2.4

Action                   |  1- 3 |  4- 6 |  7- 9 | 10-12 | 13-15 || total
-------------------------+-------+-------+-------+-------+-------++-------
Melee: Flail             |    77 |   107 |   333 |   182 |       ||   699
       Headbutt          |     6 |    15 |    66 |    65 |       ||   152
       War axe           |       |       |       |   238 |     3 ||   241
Invok: Heroism           |       |       |       |     4 |       ||     4
       Finesse           |       |       |       |     2 |       ||     2
  Use: Potion            |     4 |     4 |     9 |    10 |       ||    27
       Scroll            |     1 |     4 |    11 |     2 |     1 ||    19
 Stab: Invisible         |       |       |       |     1 |       ||     1
Armor: Scale mail        |    44 |    48 |    86 |       |       ||   178
       Chain mail        |       |       |    72 |   154 |       ||   226
       Plate armour      |       |       |       |    74 |     1 ||    75
Dodge: Dodged            |    60 |    74 |   211 |   234 |     2 ||   581
Block: Buckler           |    28 |    30 |    89 |   122 |       ||   269
       Kite shield       |       |       |       |    15 |     1 ||    16
